 Dungeon Crawl Stone Soup version 0.31.0-11-ge490571c62 (webtiles) character file.

Game seed: 3572145510112529663

75048 hikkokomori the Severer (level 14, 0/140 HPs)
             Began as a Minotaur Berserker on Feb 5, 2024.
             Was the Champion of Trog.
             Succumbed to poison (poison gas)
             ... on level 5 of the Lair of Beasts.
             The game lasted 00:34:40 (19226 turns).

hikkokomori the Severer (Minotaur Berserker)       Turns: 19226, Time: 00:34:41

Health: 0/140      AC: 32    Str: 26    XL:     14   Next: 74%
Magic:  13/13      EV: 16    Int:  4    God:    Trog [******]
Gold:   999        SH:  0    Dex: 11    Spells: 13/13 levels left

rFire   . . .        a - +7 broad axe (freeze)
rCold   + . .        (no shield)
rNeg    . . .        Y - +1 plate armour {rC+}
rPois   .            k - +2 hat
rElec   .            P - +2 cloak
rCorr   .            O - +3 pair of gauntlets of War {Slay+5}
SInv    .            l - +3 pair of seven-league boots {Rampage+∞}
Will    ++++.        d - amulet of the acrobat Stlth
                     W - +5 ring of evasion
HPRegen 1.43/turn    I - ring of willpower
MPRegen 0.13/turn

%: acrobat, rampage+∞
@: lethally poisoned (0 -> -52), strong-willed, regenerating, hasted, studying
Throwing, very quick
A: horns 2, retaliatory headbutt
a: Renounce Religion, Berserk, Trog's Hand, Brothers in Arms


You were on level 5 of the Lair of Beasts.
You worshipped Trog.
Trog was exalted by your worship.
You visited 2 branches of the dungeon, and saw 16 of its levels.
You also visited: Ossuary and Gauntlet.

You collected 1740 gold pieces.
You spent 741 gold pieces at shops.

Inventory:

Hand Weapons
 a - a +7 broad axe of freezing (weapon)
 D - a +1 antimagic battleaxe
 X - the +7 sceptre of Torment {pain, torment}
   (You found it in a Gauntlet)
Missiles
 r - 6 boomerangs (quivered)
 t - 16 curare-tipped darts
 G - 7 javelins
 V - 9 silver javelins
Armour
 k - a +2 hat (worn)
 l - the +3 pair of seven-league boots (worn) {Rampage+∞}
   (You found it on level 2 of the Lair of Beasts)

   Rampage+∞: When moving toward enemies, its wearer moves as far as possible,
   alerting their target en route.
 O - the +3 pair of gauntlets of War (worn) {Slay+5}
   (You bought it in a shop on level 4 of the Dungeon)

   Slay+5:    It affects your accuracy & damage with ranged weapons and melee
   (+5).
 P - a +2 cloak (worn)
 Y - a +1 plate armour of cold resistance (worn)
Jewellery
 d - an amulet of the acrobat (around neck)
 y - a ring of flight
 C - an amulet of magic regeneration
 I - a ring of willpower (right hand)
 Q - a ring of magical power
 S - a +6 ring of strength
 W - a +5 ring of evasion (left hand)
Wands
 b - a wand of mindburst (10)
 m - a wand of flame (21)
 E - a wand of charming (17)
 H - a wand of acid (17)
 M - a wand of iceblast (23)
 N - a wand of polymorph (9)
Scrolls
 c - 2 scrolls of fog
 e - 3 scrolls of immolation
 i - 3 scrolls of identify
 j - a scroll of blinking
 p - 2 scrolls of torment
 v - a scroll of enchant armour
 w - 7 scrolls of teleportation
 J - 3 scrolls of revelation
 T - a scroll of fear
 U - 2 scrolls of vulnerability
 Z - a scroll of butterflies {unknown}
Potions
 f - 3 potions of cancellation
 g - 6 potions of brilliance
 h - 2 potions of ambrosia
 n - 8 potions of curing
 o - 5 potions of haste
 q - 3 potions of resistance
 s - 4 potions of heal wounds
 u - 4 potions of berserk rage
 x - 3 potions of lignification
 z - 4 potions of attraction
 A - a potion of degeneration
 B - 4 potions of invisibility
 F - 3 potions of enlightenment
 L - a potion of might
 R - 2 potions of mutation {unknown}
Miscellaneous
 K - a tin of tremorstones (2/2)


   Skills:
 - Level 17.0 Fighting
 - Level 17.0(17.7) Axes
 + Level 8.6(13.8) Maces & Flails
 + Level 11.6 Throwing
 + Level 14.1 Armour
 - Level 11.0 Dodging
 + Level 5.7 Evocations


You had 13 spell levels left.
You didn't know any spells.
Your spell library was empty.

Dungeon Overview and Level Annotations

Branches:
Dungeon (11/15)            Temple (0/1) D:7            Lair (5/5) D:9
 Shoals (0/4) Lair:3        Snake (0/4) Lair:2        Slime (0/5) Lair:5
    Orc (0/2) D:11        Ossuary (visited)         Gauntlet (visited)

Altars:
Ashenzari
Cheibriados
Fedhas
Uskayaw
Xom
Yredelemnul
The Shining One
Jiyva

Shops:
D:4 ?([?[   D:5 [   D:9 ?

Annotations:
D:7 3 runed translucent doors, Arctor's ghost, novice DEFE; uncleiroh's ghost, novice TrBe


Innate Abilities, Weirdness & Mutations

You have a pair of horns on your head.
You reflexively headbutt those who attack you in melee.


Message History

The fire dragon is almost dead.
You completely miss the komodo dragon.
You are engulfed in poison gas.
You are more poisoned.
You feel extremely sick. The fire dragon misses you.
The fire dragon closely misses you.
The fire dragon tramples you but does no damage.
You hit the fire dragon. You freeze the fire dragon.
The fire dragon is almost dead.
You hit the acid dragon. You freeze the acid dragon.
You slice the komodo dragon!! You freeze the komodo dragon.
You are engulfed in poison gas.
You are more poisoned.
You feel extremely sick. The komodo dragon barely misses you.
The acid dragon misses you. The acid dragon barely misses you.
The fire dragon bites you but does no damage.
The fire dragon claws you but does no damage.
The fire dragon tramples you but does no damage.
You closely miss the fire dragon. Your headbutt misses the fire dragon.
The fire dragon is almost dead.
You slash the komodo dragon! You freeze the komodo dragon.
You hit the acid dragon. You freeze the acid dragon.
You are engulfed in poison gas.
You are more poisoned.
* * * LOW HITPOINT WARNING * * *
x2 You feel extremely sick.
The komodo dragon bites you but does no damage.
Unknown command.
You feel yourself speed up.
You are engulfed in poison gas.
You are more poisoned.
* * * LOW HITPOINT WARNING * * *
x2 You feel extremely sick.
The acid dragon closely misses you. The acid dragon misses you.
The fire dragon misses you.
The fire dragon claws you but does no damage.
The fire dragon completely misses you. The komodo dragon misses you.
Blink to where?
Press: ? - help, Dir - move target
As you read the scroll of blinking, it crumbles to dust.
You die...

#
♣♣.♣.♣~♣♣..$.~≈≈..♣
#
♣♣..~≈♣♣♣![...~.♣♣♣
#
♣...~.♣♣$DDl~≈...♣
#
♣♣....~♣♣♣°~~≈~..♣
# ♣♣...~.♣♣~.≈..♣♣♣
♣♣♣..~~♣♣~~..♣
♣♣.~≈≈≈~P.♣♣
♣..~≈~..♣♣
♣♣♣~..@♣♣ ♣♣♣♣♣♣


You could see a fire dragon and a komodo dragon.

Vanquished Creatures
  Gastronok (Lair:3)
  2 minotaurs
  A dire elephant (Lair:5)
  The ghost of howech the Mimic, a journeyman OpSh of Uskayaw (Lair:5)
  A hydra (Lair:4)
  A two-headed ogre (D:8)
  A boulder beetle (Lair:2)
  Erica (D:9)
  A catoblepas (Lair:2)
  15 death yaks
  Urug (Lair:4)
  A fire crab (Gauntlet)
  A swamp dragon (Lair:5)
  A deep elf pyromancer (D:8)
  A necromancer (Gauntlet)
  A salamander (Lair:2)
  2 wolf spiders (Lair:5)
  Joseph (D:9)
  2 guardian serpents
  12 elephants
  2 torpor snails
  8 black mambas
  A gargoyle (D:10)
  19 cane toads
  2 rime drakes (Lair:5)
  Jeremiah (D:8)
  A hellion (Gauntlet)
  9 komodo dragons
  5 trolls
  A polar bear (Lair:2)
  15 blink frogs
  7 hornets
  A raiju (Gauntlet)
  3 dream sheep (Lair:5)
  A spriggan (shapeshifter) (D:10)
  A shadow (D:10)
  10 wyverns
  5 wraiths
  4 basilisks
  5 steam dragons
  2 redbacks (Lair:5)
  4 fire bats (Gauntlet)
  59 yaks
  Grum (D:9)
  4 acid dragons
  2 nagas (Lair:2)
  26 water moccasins
  3 orc warriors
  2 swamp drakes (Lair:5)
  An ice beast (D:5)
  A sky beast (Lair:1)
  5 ogres
  18 wolves
  A centaur (D:10)
  6 kobold brigands
  16 bullfrogs
  A gnoll sergeant (D:10)
  4 scorpions
  13 killer bees
  A howler monkey (D:4)
  3 bullfrog zombies (Ossuary)
  An electric eel (Lair:1)
  A bombardier beetle (D:4)
  2 hounds
  4 jellies
  3 orc priests
  3 gnoll boudas
  Jessica (D:3)
  4 iguanas
  Terence (D:3)
  5 orc wizards
  6 hell rats (Lair:5)
  2 killer bee zombies (Ossuary)
  2 crocodile zombies (Ossuary)
  7 hound zombies (Ossuary)
  8 mummies
  5 howler monkey zombies (Ossuary)
  18 gnolls
  11 adders
  2 shadow imps
  4 white imps
  A dart slug (D:2)
  2 ribbon worms
  30 orcs
  4 ball pythons
  6 endoplasms
  3 giant cockroaches
  14 goblins
  5 hobgoblins
  2 jackals (D:1)
  10 kobolds
  6 quokkas
  6 ball python zombies (Ossuary)
  3 bats
  4 frilled lizards
  7 rats
515 creatures vanquished.

Notes
Turn   | Place    | Note
-------+----------+-------------------------------------------
     0 | D:1      | hikkokomori the Minotaur Berserker began the quest for the
                  | Orb.
     0 | D:1      | Reached XP level 1. HP: 19/19 MP: 0/0
    92 | D:1      | Found a faded altar of an unknown god.
   147 | D:1      | Reached XP level 2. HP: 26/26 MP: 1/1
   659 | D:2      | Reached skill level 5 in Axes
   716 | D:2      | Reached XP level 3. HP: 27/31 MP: 2/2
   808 | D:2      | Reached ** piety under Trog
  1614 | D:3      | Noticed Jessica
  1632 | D:3      | Killed Jessica
  1633 | D:3      | Reached XP level 4. HP: 25/39 MP: 3/3
  1713 | D:3      | Noticed Terence
  1720 | D:3      | Killed Terence
  2195 | D:3      | Reached XP level 5. HP: 42/46 MP: 4/4
  2405 | D:4      | Found Tuticizxe's Antique Armour Shoppe.
  2730 | D:4      | Noticed an animated pearl dragon scales
  2731 | D:4      | Found Pucow's Armour Boutique.
  2732 | D:4      | Noticed an animated shadow dragon scales
  2804 | D:4      | Found Tawozaqeyr's Antique Weapon Shop.
  2875 | D:4      | Found Yhupiaso's Magic Scroll Shoppe.
  2963 | D:4      | Reached skill level 1 in Throwing
  2968 | D:4      | Reached skill level 5 in Fighting
  2968 | D:4      | Reached XP level 6. HP: 54/56 MP: 5/5
  3085 | D:4      | Reached *** piety under Trog
  3115 | D:4      | Found Vuicoigg's Magic Scroll Boutique.
  3194 | D:5      | Entered Level 5 of the Dungeon
  3203 | D:5      | Identified 2 scrolls of acquirement
  3203 | D:5      | Acquired a manual of Fighting
  3204 | D:5      | Acquired a manual of Throwing
  3269 | D:5      | Noticed an ice beast
  3281 | D:5      | Killed an ice beast
  3441 | D:5      | Found a sand-covered staircase.
  3480 | Ossuary  | Entered an ossuary
  3497 | Ossuary  | Reached XP level 7. HP: 56/64 MP: 6/6
  3594 | Ossuary  | Reached skill level 5 in Throwing
  4014 | D:5      | Reached XP level 8. HP: 54/79 MP: 7/7
  4489 | D:5      | Found Javvish's Armour Emporium.
  4530 | D:5      | Reached **** piety under Trog
  4669 | D:5      | Reached skill level 10 in Fighting
  4769 | D:5      | Found a broken altar of Ashenzari.
  6338 | D:7      | Reached skill level 1 in Evocations
  6512 | D:7      | Found a staircase to the Ecumenical Temple.
  6580 | D:7      | Reached XP level 9. HP: 73/90 MP: 8/8
  6805 | D:7      | Paralysed by a hornet for 1 turns
  6807 | D:7      | Reached skill level 5 in Armour
  7017 | D:7      | Found a basalt altar of Yredelemnul.
  7023 | D:7      | Found a shimmering altar of Xom.
  7403 | D:7      | Found a runed translucent gate.
  7403 | D:7      | Found a runed translucent gate.
  7403 | D:7      | Found a runed translucent gate.
  7404 | D:7      | Noticed Arctor's ghost (novice DEFE)
  7405 | D:7      | Noticed uncleiroh's ghost (novice TrBe)
  7675 | D:8      | Noticed a two-headed ogre
  7682 | D:8      | Reached skill level 10 in Axes
  7687 | D:8      | Killed a two-headed ogre
  7688 | D:8      | Reached XP level 10. HP: 29/97 MP: 9/9
  7944 | D:8      | Noticed Jeremiah
  7960 | D:8      | Killed Jeremiah
  7968 | D:8      | Reached ***** piety under Trog
  8726 | D:8      | Noticed a deep elf pyromancer
  8746 | D:8      | Killed a deep elf pyromancer
  9307 | D:9      | Noticed Grum
  9317 | D:9      | Reached XP level 11. HP: 104/104 MP: 10/10
  9322 | D:9      | Killed Grum
  9323 | D:9      | Reached skill level 15 in Axes
  9328 | D:9      | Found a snail-covered altar of Cheibriados.
  9477 | D:4      | Bought the +3 pair of gauntlets of War {Slay+5} for 475
                  | gold pieces
  9477 | D:4      | Found the +3 pair of gauntlets of War {Slay+5}
  9569 | D:5      | Bought a +0 cloak for 49 gold pieces
  9676 | D:9      | Noticed Joseph
  9690 | D:9      | Killed Joseph
  9808 | D:9      | Noticed Erica
  9835 | D:9      | Killed Erica
 10032 | D:9      | Found a staircase to the Lair.
 10081 | D:9      | Found Pirreog's Magic Scroll Emporium.
 10185 | Lair:1   | Entered Level 1 of the Lair of Beasts
 10214 | D:10     | Entered Level 10 of the Dungeon
 10480 | D:10     | Found a glowing golden altar of the Shining One.
 10655 | D:10     | Found a blossoming altar of Fedhas.
 10655 | D:10     | Found a hide-covered altar of Uskayaw.
 11411 | D:10     | Reached skill level 5 in Dodging
 11845 | D:11     | Found a staircase to the Orcish Mines.
 12044 | D:4      | Bought a glowing broad axe for 217 gold pieces
 12318 | Lair:1   | Reached XP level 12. HP: 118/118 MP: 11/11
 12433 | Lair:1   | Reached skill level 15 in Fighting
 12662 | Lair:1   | Received a gift from Trog
 12984 | Lair:1   | Noticed Sonja
 12987 | Lair:1   | Sonja changed into Sonja the sky beast
 12987 | Lair:1   | Noticed Sonja
 12990 | Lair:1   | Killed Sonja the sky beast
 13709 | Lair:2   | Noticed a catoblepas
 13729 | Lair:2   | Killed a catoblepas
 14147 | Lair:2   | Noticed a boulder beetle
 14161 | Lair:2   | Killed a boulder beetle
 14162 | Lair:2   | Reached skill level 10 in Armour
 14226 | Lair:2   | Found the +3 pair of seven-league boots {Rampage+∞}
 14444 | Lair:2   | Found a staircase to the Snake Pit.
 15102 | Lair:3   | Found a blossoming altar of Fedhas.
 15133 | Lair:3   | Reached XP level 13. HP: 121/130 MP: 12/12
 15146 | Lair:3   | Found a staircase to the Shoals.
 15156 | Lair:3   | Found a gate leading to a gauntlet.
 15171 | Gauntlet | Entered a Gauntlet
 15171 | Gauntlet | Found a transporter.
 15179 | Gauntlet | Found a transporter.
 15183 | Gauntlet | Found a transporter.
 15191 | Gauntlet | Found a transporter.
 15195 | Gauntlet | Found a transporter.
 15203 | Gauntlet | Found a transporter.
 15207 | Gauntlet | Found a transporter.
 15219 | Gauntlet | Found a transporter.
 15226 | Gauntlet | Found a runed translucent door.
 15229 | Gauntlet | Found a transporter.
 15259 | Gauntlet | Found a transporter.
 15262 | Gauntlet | Found a transporter.
 15271 | Gauntlet | Found a transporter.
 15283 | Gauntlet | Found a transporter.
 15296 | Gauntlet | Found a transporter.
 15533 | Gauntlet | Received a gift from Trog
 15606 | Gauntlet | Noticed a minotaur
 15610 | Gauntlet | Killed a minotaur
 15615 | Gauntlet | Found the +7 sceptre of Torment {pain, torment}
 15816 | Lair:3   | Noticed Gastronok
 15824 | Lair:3   | Reached skill level 1 in Maces & Flails
 15827 | Lair:3   | Killed Gastronok
 16222 | Lair:3   | Reached skill level 10 in Dodging
 16327 | Lair:3   | You are sucked into a shaft and drop 2 floors!
 16327 | Lair:5   | Entered Level 5 of the Lair of Beasts
 16345 | Lair:5   | Got an earthy gem with 121 turns to spare
 16378 | Lair:5   | Reached skill level 5 in Maces & Flails
 16541 | Lair:5   | Reached XP level 14. HP: 82/140 MP: 13/13
 17285 | Lair:4   | Noticed Urug
 17293 | Lair:4   | Killed Urug
 17722 | Lair:4   | Reached skill level 10 in Throwing
 18163 | Lair:5   | Reached skill level 5 in Evocations
 18231 | Lair:5   | Found a staircase to the Slime Pits.
 18231 | Lair:5   | Found a viscous altar of Jiyva.
 18275 | Lair:5   | Found a runed translucent gate.
 18275 | Lair:5   | Found a runed translucent gate.
 18288 | Lair:5   | Reached ****** piety under Trog
 18373 | Lair:5   | Found a runed translucent gate.
 18378 | Lair:5   | Noticed howech's ghost (journeyman OpSh)
 18585 | Lair:5   | Killed howech's ghost
 18752 | Lair:5   | Received a gift from Trog
 19226 | Lair:5   | Succumbed to poison (poison gas)

Illustrated notes

Levels and vault maps discovered:
D:1:      lightli_arrival_noodles, layout_loops_ring,
          hellmonk_ecumenical_altar_heavens_door, minmay_tetromino_t4
D:2:      minmay_door_path, layout_loops_ring
D:3:      layout_basic, minmay_ruptured, uniq_terence, uniq_jessica
D:4:      kb_forest_paths, layout_basic, serial_shops, shop_fountains,
          nicolae_shop_rolled_up, nicolae_shop_hallway_plus,
          nicolae_shop_mannequins, nicolae_shop_window_shopping,
          nrook_mini_vaults
D:5:      layout_basic, evilmike_ruin_ashenzari, serial_shops, shop,
          gup_ossuary_entry_pyramid
D:6:      layout_basic
D:7:      layout_layer_cave, mainiacjoe_overflow_big_doors,
          minmay_temple_entry_junction, gammafunk_ghost_cemetery
D:8:      layout_loops_ring, guppyfry_early_elven_hall, uniq_jeremiah
D:9:      layout_rooms, amcnicky_altar_gilded, lair_entry_dummy, serial_shops,
          shop, uniq_grum, uniq_erica, uniq_joseph
D:10:     minmay_polygon_palace, layout_loops_corners, tso_altar,
          jmf_multi_god_temple
D:11:     layout_gridville, kennysheep_orc_monster_closet_entryway
Lair:1:   layout_long_grid, chequers_serial_rivers_micro_c, fungi_pond_lemuel,
          uniq_sonja
Lair:2:   layout_small_grid, alex1729_snake_entry_snake, serial_rivers,
          chequers_serial_rivers_room_b, chequers_serial_rivers_marsh,
          chequers_serial_rivers_micro_b, chequers_serial_rivers_room_a,
          chequers_serial_rivers_micro_b, minivault_19,
          hellmonk_guarded_unrand_seven_league_boots,
          infiniplex_staircase_pool_2, grunt_megastairs_4
Lair:3:   layout_cellular_growth, elwin_shoals_entry_rocks,
          gauntlet_entry_generic, basic_altar, serial_bayou_shore_b,
          uniq_gastronok
Lair:4:   layout_layer_cave, lemuel_fruit_tree, serial_bayou_shore_b, uniq_urug
Lair:5:   hangedman_lair_tendril_chambers, layout_regular_city,
          guppyfry_lair_end_dragon, slime_entry_1,
          maelrawn_ghost_gauntlet_escape

Skill      XL: |  1  2  3  4  5  6  7  8  9 10 11 12 13 14 |
---------------+-------------------------------------------+-----
Axes           | 4 5 6 7 11 14 15 16 17 | 17.0
Fighting       | 4 5 6 9 12 14 16 17 | 17.0
Throwing       | 1 4 7 9 11 | 11.6
Armour         | 3 5 8 10 12 14 | 14.1
Evocations     | 1 3 5 |  5.7
Dodging        | 6 8 10 11 | 11.0
Maces & Flails | 6 8 |  8.6

Action                     |  1- 3 |  4- 6 |  7- 9 | 10-12 | 13-15 || total
---------------------------+-------+-------+-------+-------+-------++-------
  Melee: Hand axe          |    92 |   115 |   280 |       |       ||   487
         Headbutt          |    11 |    21 |    76 |    92 |    65 ||   265
         Punch             |       |     1 |     6 |     8 |     2 ||    17
         War axe           |       |       |    39 |   250 |       ||   289
         Broad axe         |       |       |       |   156 |   307 ||   463
         Eveningstar       |       |       |       |       |    30 ||    30
  Throw: Dart              |       |       |     2 |     2 |       ||     4
         Javelin           |       |       |       |     2 |       ||     2
 Invoke: Berserk           |       |     1 |     3 |     4 |     1 ||     9
         Trog's Hand       |       |     1 |       |     1 |     2 ||     4
  Evoke: Wand              |       |     1 |       |     2 |     1 ||     4
    Use: Scroll            |       |    14 |     3 |    15 |     1 ||    33
         Potion            |       |       |       |       |     1 ||     1
   Stab: Confused          |       |       |       |       |     1 ||     1
 Armour: Animal skin       |    33 |       |       |       |       ||    33
         Ring mail         |    17 |       |       |       |       ||    17
         Plate armour      |       |    67 |   264 |   314 |   215 ||   860
         Robe              |       |     5 |       |       |       ||     5
  Dodge: Dodged            |    40 |    39 |   108 |   165 |   187 ||   539
